 Dungeon Crawl Stone Soup version 0.23-a0-667-gc184e93 (webtiles) character file.

2310 Lanoc the Carver (level 9, -3/72 HPs)
             Began as a Demonspawn Chaos Knight on Jan 8, 2019.
             Was a Plaything of Xom.
             Slain by a slime creature (11 damage)
             ... on level 5 of the Dungeon.
             The game lasted 00:13:43 (4265 turns).

Lanoc the Carver (Demonspawn Chaos Knight)          Turns: 4265, Time: 00:13:44

Health: -3/72      AC:  9    Str: 15    XL:     9   Next: 18%
Magic:  9/9        EV: 15    Int: 15    God:    Xom [..*...]
Gold:   257        SH:  0    Dex: 14    Spells: 8/8 levels left

rFire    . . .     SeeInvis .   a - +0 falchion (chaos)
rCold    . . .     Gourm    .   (no shield)
rNeg     . . .     Faith    .   b - +2 leather armour
rPois    +         Spirit   .   g - +0 hat
rElec    .         Reflect  .   (no cloak)
rCorr    .         Harm     .   (no gloves)
MR       .....                  (no boots)
Stlth    +.........             (no amulet)
HPRegen  0.22/turn              q - ring of poison resistance
MPRegen  0.11/turn              w - ring of wizardry

@: berserk cooldown, slowed, very slow
A: antennae 1, iridescent scales 2, agile 1, spiny 1, MP-powered wands
a: Renounce Religion


You were on level 5 of the Dungeon.
You worshipped Xom.
You were a toy of Xom.
You were very hungry.

You visited 1 branch of the dungeon, and saw 5 of its levels.
You also visited: Ossuary.

You collected 257 gold pieces.

Inventory:

Hand Weapons
 a - a +0 falchion of chaos (weapon)
Armour
 b - a +2 leather armour (worn)
 g - a +0 hat (worn)
Jewellery
 q - a ring of poison resistance (left hand)
 r - an uncursed ring of magical power
 w - a ring of wizardry (right hand)
Wands
 B - a wand of paralysis (8)
Scrolls
 d - 6 scrolls of fog
 k - 3 scrolls of remove curse
 p - a scroll of enchant armour {unknown}
 s - a scroll of vulnerability {unknown}
 t - 6 scrolls of teleportation
 u - a scroll of torment {unknown}
 v - a scroll of immolation {unknown}
 y - a scroll of magic mapping {unknown}
 A - a scroll of blinking
Potions
 e - 2 potions of resistance
 f - 2 potions of agility
 h - a potion of cancellation
 i - a potion of flight {unknown}
 n - 2 potions of magic {unknown}
 o - a potion of lignification {unknown}
 x - a potion of brilliance
 z - a potion of haste {unknown}
 C - a potion of ambrosia {unknown}
Comestibles
 c - 8 rations


   Skills:
 + Level 7.5 Fighting
 * Level 9.3 Long Blades
 + Level 6.5 Armour
 + Level 6.2 Dodging


You had 8 spell levels left.
You didn't know any spells.
Your spell library was empty.

Dungeon Overview and Level Annotations

Branches:
Dungeon (5/15)
 Temple: D:4-7

Altars:


Innate Abilities, Weirdness & Mutations

You have a pair of small antennae on your head.
You are mostly covered in iridescent scales. (AC +4)
You are partially covered in sharp spines.
You are agile. (Dex +2)
You expend magic power (3 MP) to strengthen your wands.


Message History

You slash the slime creature! You burn the slime creature.
The slime creature is heavily wounded.
The helpless slime creature fails to defend itself.
You slash the slime creature!
Lightning courses through the slime creature!
The slime creature is severely wounded.
The helpless slime creature fails to defend itself.
You slash the slime creature!
The slime creature flickers and vanishes!
Deactivating autopickup; reactivate with Ctrl-A.
You barely miss something. Something barely misses you.
You hit something. Something barely misses you. Something hits you.
* * * LOW HITPOINT WARNING * * *
You hit something. Lightning courses through something! Something hits you.
* * * LOW HITPOINT WARNING * * *
You feel better. Something hits you!
* * * LOW HITPOINT WARNING * * *
The bloodstain on the floor disappears!
Something hits you!
You die...

.........'...................# #.
##.......#...................# #.
.............................# #.
###..############............# #.
###..############............###.
.................................
###..##.###################..###.
###.....# ############..# #.
....<.##########@##.....%##..###.
####..####....#.#{#...PPP##..##..
.......##.....#.#.#......##..##..
.......'.(....#'#.#P..÷.P##..##..
.......'.†......#.#..÷...##..##..
.......'†)......#.#.J..P.##..##..
.......##.......#.#÷.....##......
.......###......##'P..PP.###.##..
.......############......# #.####


There were no monsters in sight!

Vanquished Creatures
  A slime creature (D:5)
  Sigmund (D:4)
  Edmund (D:4)
  A sky beast (D:4)
  An ogre (D:5)
  A centaur (D:5)
  A big kobold (D:5)
  5 scorpions (Ossuary)
  A crimson imp (D:5)
  2 centaur zombies
  A hound (D:4)
  A bullfrog skeleton (D:2)
  5 jellies (D:5)
  2 orc priests (D:4)
  An orc wizard (D:4)
  Jessica (D:2)
  2 human zombies (Ossuary)
  4 worker ants
  Terence (D:3)
  5 big kobold zombies (Ossuary)
  A hound skeleton (D:4)
  3 mummies (Ossuary)
  8 adders
  4 scorpion zombies (Ossuary)
  4 oozes
  4 worms
  3 dart slugs
  6 leopard geckos
  12 orcs
  5 giant cockroaches
  3 gnoll zombies (Ossuary)
  9 goblins
  9 hobgoblins
  10 kobolds
  5 quokkas
  A ball python (D:3)
  3 bats
  2 frilled lizards
  A goblin zombie (Ossuary)
  3 hobgoblin zombies (Ossuary)
  A kobold zombie (Ossuary)
  3 orc zombies (Ossuary)
  A quokka zombie (D:4)
  6 rats
  A rat zombie (D:4)
146 creatures vanquished.

Vanquished Creatures (collateral kills)
  A ball python (D:3)
1 creature vanquished.

Vanquished Creatures (others)
  2 fungi (D:5)
  5 toadstools (D:5)
7 creatures vanquished.

Grand Total: 154 creatures vanquished

Notes
Turn   | Place    | Note
-------+----------+-------------------------------------------
     0 | D:1      | Lanoc the Demonspawn Chaos Knight began the quest for the
                  | Orb.
     0 | D:1      | Reached XP level 1. HP: 18/18 MP: 1/1
    56 | D:1      | Reached skill level 1 in Dodging
   103 | D:1      | Gained mutation: You are partially covered in sharp spines.
                  | [demonic ancestry]
   103 | D:1      | Reached XP level 2. HP: 13/24 MP: 2/2
   108 | D:1      | Reached skill level 3 in Long Blades
   208 | D:1      | XOM: harmless Chrm miscast
   396 | D:2      | XOM: harmless Pois miscast
   437 | D:2      | XOM: harmless Tloc miscast
   477 | D:2      | Gained mutation: You have a pair of small antennae on your
                  | head. [demonic ancestry]
   477 | D:2      | Reached XP level 3. HP: 18/29 MP: 3/3
   697 | D:2      | Gained mutation: You are frail. (-10% HP) [potion of
                  | mutation]
   697 | D:2      | Lost mutation: You are frail. (-10% HP) [potion of
                  | mutation]
   697 | D:2      | Gained mutation: You are dopey. (Int -2) [potion of
                  | mutation]
   697 | D:2      | Gained mutation: You are agile. (Dex +2) [potion of
                  | mutation]
   700 | D:2      | Reached XP level 4. HP: 29/35 MP: 4/4
   815 | D:2      | XOM: harmless Tmut miscast
   823 | D:2      | Noticed Jessica
   827 | D:2      | Killed Jessica
  1339 | D:3      | Noticed Terence
  1354 | D:3      | Killed Terence
  1354 | D:3      | Gained mutation: You are partially covered in iridescent
                  | scales. (AC +2) [demonic ancestry]
  1354 | D:3      | Reached XP level 5. HP: 36/42 MP: 5/5
  1408 | D:3      | Reached skill level 4 in Long Blades
  1467 | D:3      | XOM: summons friendly crimson imp
  1475 | D:3      | XOM: divination: detect creatures
  1686 | D:3      | XOM: harmless Pois miscast
  1915 | D:4      | Found a sand-covered staircase.
  1942 | D:4      | Reached XP level 6. HP: 30/48 MP: 6/6
  1994 | D:4      | XOM: harmless Tloc miscast
  2010 | Ossuary  | Entered an ossuary
  2036 | Ossuary  | XOM: silly message
  2236 | Ossuary  | XOM: mild Chrm miscast
  2320 | Ossuary  | XOM: harmless Chrm miscast
  2344 | Ossuary  | XOM: harmless Erth miscast
  2363 | Ossuary  | XOM: potion effect (experience)
  2363 | Ossuary  | Reached skill level 8 in Long Blades
  2363 | Ossuary  | Reached skill level 5 in Dodging
  2363 | Ossuary  | Reached XP level 7. HP: 48/60 MP: 7/7
  2672 | Ossuary  | XOM: butterfly on damage
  2679 | Ossuary  | Reached XP level 8. HP: 36/67 MP: 8/8
  2870 | D:4      | XOM: god gift: 12 gold pieces
  3078 | D:4      | XOM: divination: detect items
  3227 | D:4      | XOM: harmless Summ miscast
  3300 | D:4      | XOM: noise
  3329 | D:4      | XOM: potion effect (heal wounds)
  3332 | D:4      | Reached skill level 9 in Long Blades
  3388 | D:4      | Noticed Edmund
  3389 | D:4      | XOM: cast spell 'Leda's Liquefaction'
  3411 | D:4      | Killed Edmund
  3434 | D:4      | Noticed Sigmund
  3579 | D:4      | Killed Sigmund
  3766 | D:5      | Entered Level 5 of the Dungeon
  3855 | D:5      | Lost mutation: You are agile. (Dex +2) [potion of mutation]
  3855 | D:5      | Lost mutation: You are dopey. (Int -2) [potion of mutation]
  3855 | D:5      | Gained mutation: Your body sometimes deteriorates upon
                  | taking damage. [potion of mutation]
  3855 | D:5      | Gained mutation: You expend magic power (3 MP) to
                  | strengthen your wands. [potion of mutation]
  3855 | D:5      | Gained mutation: Your system is resistant to poisons.
                  | (rPois) [potion of mutation]
  3905 | D:5      | Lost mutation: You expend magic power (3 MP) to strengthen
                  | your wands. [potion of mutation]
  3905 | D:5      | Lost mutation: Your body sometimes deteriorates upon taking
                  | damage. [potion of mutation]
  3905 | D:5      | Lost mutation: Your system is resistant to poisons. (rPois)
                  | [potion of mutation]
  3905 | D:5      | Gained mutation: You are agile. (Dex +2) [potion of
                  | mutation]
  3905 | D:5      | Gained mutation: You expend magic power (3 MP) to
                  | strengthen your wands. [potion of mutation]
  4039 | D:5      | XOM: divination: detect items
  4176 | D:5      | XOM: harmless Necr miscast
  4208 | D:5      | XOM: mild Pois miscast
  4214 | D:5      | Gained mutation: You are mostly covered in iridescent
                  | scales. (AC +4) [demonic ancestry]
  4214 | D:5      | Reached XP level 9. HP: 66/72 MP: 9/9
  4234 | D:5      | HP: 1/108 [slime creature (14)]
  4265 | D:5      | Slain by a slime creature

Vault maps used:
D:1:      dpeg_arrival_rooms_b
D:2:      uniq_jessica
D:3:      minmay_spotlight, minmay_checkerbox, uniq_terence
D:4:      first_ration, enter_ossuary_4, sigmund_edmund_badplayer
D:5:      cheibrodos_fertilizer
Ossuary:  ossuary_minmay_scorpions

Skill      XL: |  1  2  3  4  5  6  7  8 |
---------------+-------------------------+-----
Dodging        | 1 2 5 6 |  6.2
Long Blades    | 3 4 8 9 |  9.3
Armour         | 2 3 6 |  6.5
Fighting       | 4 7 |  7.5

Action                   |  1- 3 |  4- 6 |  7- 9 || total
-------------------------+-------+-------+-------++-------
Melee: Falchion          |    56 |   186 |   240 ||   482
  Use: Potion            |     4 |       |     9 ||    13
       Scroll            |       |     6 |     2 ||     8
 Stab: Sleeping          |     1 |       |       ||     1
       Confused          |       |     1 |     4 ||     5
       Petrified         |       |     9 |    14 ||    23
       Petrifying        |       |     3 |     1 ||     4
       Paralysed         |       |       |     1 ||     1
  Eat: Chunk             |       |     4 |     3 ||     7
       Ration            |       |       |     1 ||     1
Armor: Leather armour    |    25 |    60 |    47 ||   132
Dodge: Dodged            |    55 |    89 |   120 ||   264
       Rpst.: Falchion   |    13 |    23 |    33 ||    69

Table legend:
 A = Non-vault XP
 B = Vault XP
 C = Vault XP percentage of total XP
 D = Non-vault monster count
 E = Vault monster count
 F = Vault count percentage of total count
                 A         B        C        D         E       F
            +---------+---------+-------+---------+---------+-------
      Total |    1074 |    1794 |  62.6 |      88 |      58 |  39.7
            +---------+---------+-------+---------+---------+-------
        D:1 |      16 |       0 |   0.0 |      10 |       0 |   0.0
        D:2 |     130 |      37 |  22.2 |      30 |       1 |   3.2
        D:3 |      68 |      52 |  43.3 |      16 |       7 |  30.4
        D:4 |     462 |     382 |  45.3 |      22 |       4 |  15.4
        D:5 |     398 |     593 |  59.8 |      10 |      16 |  61.5
    Ossuary |       0 |     730 | 100.0 |       0 |      30 | 100.0
            +---------+---------+-------+---------+---------+-------
